 Dungeon Crawl Stone Soup version 0.32-a0-20-ge526923d97 (webtiles) character file.

Game seed: 12303139013838780697

3 Newt the Ruffian (level 1, -4/13 HPs)
             Began as an Octopode Shapeshifter on Jan 17, 2024.
             Slain by a gnoll
             ... wielding a +0 flail
              (12 damage)
             ... on level 1 of the Dungeon.
             The game lasted 00:00:10 (110 turns).

Newt the Ruffian (Octopode Shapeshifter)             Turns: 110, Time: 00:00:11

Health: -4/13      AC:  1    Str: 13    XL:     1   Next: 50%
Magic:  1/1        EV: 13    Int: 12    God:
Gold:   12         SH:  0    Dex: 11    Spells: 0/0 levels left

rFire   . .          .
                       - Unarmed
rCold   . . .        (no shield)
rNeg    . . .        (helmet currently unavailable)
rPois   .            (no amulet)
rElec   .            (no ring)
rCorr   .            (no ring)
SInv    .            (no ring)
Will    .....        (no ring)
Stlth   ++           (no ring)
HPRegen 0.22/turn    (no ring)
MPRegen 0.07/turn    (no ring)
                     (no ring)

%: no passive effects
@: beast-form
A: beast (slay +1), almost no armour, amphibious, 8 rings, camouflage 1,
gelatinous body 1, (nimble swimmer 1), tentacles
a: Begin Untransformation


You were on level 1 of the Dungeon.
You were a hulking beast.
You visited 1 branch of the dungeon, and saw 1 of its levels.

You collected 12 gold pieces.

Inventory:

Talismans
 b - a beast talisman
 c - a flux talisman
Scrolls
 f - a scroll of identify {unknown}
Potions
 a - a potion of lignification
 d - a potion of ambrosia {unknown}
 e - a potion of curing {unknown}


   Skills:
 + Level 1.5 Fighting
 - Level 2.0 Dodging
 - Level 3.0 Unarmed Combat
 - Level 3.0 Shapeshifting


You couldn't memorise any spells.
You didn't know any spells.
Your spell library was empty.

Dungeon Overview and Level Annotations

Branches:
Dungeon (1/15)

Altars:


Innate Abilities, Weirdness & Mutations

You are a hulking beast.
Your limbs bulge with bestial killing power. (Slay +1)
You cannot wear most types of armour.
You are amphibious.
You can wear up to eight rings at the same time.
Your skin changes colour to match your surroundings (Stealth+).
Your rubbery body absorbs attacks. (AC +1, EV +1)
((You are camouflaged when in or above water. (Stealth+)))
You have tentacles for arms and can constrict up to eight enemies at once.


Message History

HP restored.
A kobold comes into view. It is wielding a +0 short sword.
The kobold shouts!
A kobold is nearby!
You miss the kobold. You grab the kobold. You constrict the kobold.
The kobold barely misses you.
You barely miss the kobold.
The kobold is moderately wounded.
You constrict the kobold.
You kill the kobold!
A bat comes into view.
The bat moves out of view.
No target in view!
No target in view!
Found a scroll labelled LUTTERE OCHO.
A bat is nearby!
The bat closely misses you. The bat misses you.
You tentacle-slap the bat.
You kill the bat!
No target in view!
No target in view!
No target in view!
No target in view!
A gnoll comes into view. It is wielding a +0 flail.
The gnoll shouts!
You hear a shout!
A gnoll is nearby!
No target in view!
No target in view!
f - a scroll labelled LUTTERE OCHO No target in view!
No target in view!
You tentacle-slap the gnoll. Your grab misses the gnoll.
The gnoll is moderately wounded.
The gnoll hits you with a +0 flail.
You tentacle-slap the gnoll but do no damage.
Your grab misses the gnoll.
The gnoll is moderately wounded.
The gnoll hits you with a +0 flail!
Ouch! That really hurt!
You die...

#.. # ###.# .# ...# .#
### ###.###.#####
##.###...........#
#####.......).........
.......#.#.###.#####.#
######.#.g....# #.#
........h##.### #.#
########.#.## #.#
##.## #.# ♣ .# ### #.#
. . #.# . . ######.#
... .# #......# ...♣.#
#.###### ..♣~♣♣♣# #.#
#..


You could see a gnoll.

Vanquished Creatures
  A quokka (D:1)
  A bat (D:1)
  A kobold (D:1)
  A rat (D:1)
4 creatures vanquished.

Notes
Turn   | Place    | Note
-------+----------+-------------------------------------------
     0 | D:1      | Newt the Octopode Shapeshifter began the quest for the Orb.
     0 | D:1      | Reached XP level 1. HP: 13/13 MP: 1/1
   110 | D:1      | Slain by a gnoll

Illustrated notes

Levels and vault maps discovered:
D:1:      orjb1_clovarrival, layout_loops_ring, minmay_bisected

Action                     || total
---------------------------++-------
  Melee: Unarmed           ||     8
         Constrict         ||     3
         Tentacles         ||     1
   Stab: Sleeping          ||     1
 Armour: Skin              ||     3
  Dodge: Dodged            ||     5

Table legend: (Time is in decaauts)
 A = Elapsed time spent in this place.
 B = Non-inter-level travel time spent in this place.
 C = Inter-level travel time spent in this place.
 D = Time resting spent in this place.
 E = Time spent auto-exploring this place.
 F = Levels seen in this place.
 G = Mean time per level.
                   A        B        C        D        E       F      G
               +--------+--------+--------+--------+--------+-----+--------+
         Total |    109 |    109 |      0 |      0 |     79 |   1 |  109.0 |
       Dungeon |    109 |    109 |      0 |      0 |     79 |   1 |  109.0 |
               +--------+--------+--------+--------+--------+-----+--------+

Top non-repeatable levels by time:
     D:1: 109 daAuts
